 Dungeon Crawl Stone Soup version 0.25-a0-277-g7046ed1b37 (webtiles) character file.

Game seed: 1199905854354711022, levelgen mode: deterministic

63 caramon the Skirmisher (level 3, -1/33 HPs)
             Began as a Minotaur Berserker on Dec 9, 2019.
             Was a Believer of Trog.
             Killed by divine providence
             ... invoked by an orc priest
              (9 damage)
             ... on level 3 of the Dungeon.
             The game lasted 00:30:02 (1213 turns).

caramon the Skirmisher (Minotaur Berserker)         Turns: 1213, Time: 00:30:02

Health: -1/33      AC: 10    Str: 22    XL:     3   Next: 87%
Magic:  2/2        EV:  9    Int:  4    God:    Trog [**....]
Gold:   139        SH:  0    Dex:  9    Spells: 2/2 levels left

rFire    . . .     SeeInvis .   a - +1 mace
rCold    . . .     Gourm    .   (no shield)
rNeg     . . .     Faith    .   q - +0 chain mail
rPois    +         Spirit   .   (helmet restricted)
rElec    .         Reflect  .   (no cloak)
rCorr    .         Harm     .   r - +0 pair of gloves
MR       .....                  (no boots)
Stlth    ..........             (no amulet)
HPRegen  0.11/turn              k - ring of poison resistance
MPRegen  0.08/turn              (no ring)

@: no status effects
A: retaliatory headbutt, horns 2
a: Berserk, Trog's Hand, Renounce Religion


You were on level 3 of the Dungeon.
You worshipped Trog.
Trog was pleased with you.
You were not hungry.

You visited 1 branch of the dungeon, and saw 3 of its levels.

You collected 139 gold pieces.

Inventory:

Hand Weapons
 a - a +1 mace (weapon)
 p - a +0 hunting sling
Missiles
 t - 12 stones (quivered)
Armour
 b - a +0 animal skin
 e - a +0 scale mail
 q - a +0 chain mail (worn)
 r - a +0 pair of gloves (worn)
Jewellery
 k - a ring of poison resistance (left hand)
Wands
 s - a wand of polymorph (5)
Scrolls
 i - a scroll of enchant armour {unknown}
 j - a scroll of fog
 l - a scroll of remove curse
Potions
 f - a potion of agility
 g - 3 potions of might
 h - a potion of berserk rage {unknown}
 m - 2 potions of brilliance {unknown}
 n - a potion of mutation {unknown}
 o - a potion of magic {unknown}
Comestibles
 c - 3 rations
 d - 4 chunks of flesh


   Skills:
 * Level 4.3 Fighting
 + Level 4.0 Maces & Flails
 * Level 1.3 Throwing
 * Level 3.1 Armour
 * Level 2.8 Dodging


You had 2 spell levels left.
You didn't know any spells.
Your spell library was empty.

Dungeon Overview and Level Annotations

Branches:
Dungeon (3/15)

Altars:


Innate Abilities, Weirdness & Mutations

You reflexively headbutt those who attack you in melee.
You have a pair of horns on your head.


Message History

You hit the orc priest but do no damage.
The orc priest mumbles some strange prayers to Beogh against you.
Beogh smites you!
You hear a shout!
Your chain mail prevents you from hitting the orc priest.
You headbutt the orc priest.
The orc priest is lightly wounded.
The orc priest calls down the wrath of Beogh upon you.
Beogh smites you!
* * * LOW HITPOINT WARNING * * *
The orc priest hits you but does no damage.
The orc priest casts a cantrip, but nothing happens.
An orc wizard comes into view. It is wielding a +0 dagger.
The orc wizard casts a spell.
The orc wizard flickers and vanishes!
Deactivating autopickup; reactivate with Ctrl-A.
You see here a +0 leather armour.
The orc priest invokes the aid of Beogh against you.
Beogh smites you!
You die...

#...# # #...# # #...# #
#...# # #...# #
########...#########
....................
###############)..#########
#...)..o.[@................
#.#########################


You could see an orc priest.

Vanquished Creatures
  3 worms (D:2)
  4 leopard geckos
  5 orcs
  5 giant cockroaches
  3 goblins (D:1)
  6 hobgoblins
  A kobold (D:3)
  6 bats
  2 frilled lizards (D:1)
  6 rats
41 creatures vanquished.

Notes
Turn   | Place    | Note
-------+----------+-------------------------------------------
     0 | D:1      | caramon the Minotaur Berserker began the quest for the Orb.
     0 | D:1      | Reached XP level 1. HP: 19/19 MP: 0/0
   252 | D:1      | Reached XP level 2. HP: 16/27 MP: 1/1
   577 | D:2      | Reached ** piety under Trog
   621 | D:2      | Reached XP level 3. HP: 32/33 MP: 2/2
   632 | D:2      | Reached skill level 1 in Throwing
  1213 | D:3      | Killed from afar by an orc priest

Levels and vault maps discovered:
D:1:      arrival_zaba_pyramid, layout_rooms
D:2:      layout_rooms
D:3:      layout_basic, portal_sewer_entry_b

Skill      XL: |  1  2  3 |
---------------+----------+-----
Fighting       | 4 |  4.3
Throwing       | 1 |  1.3
Maces & Flails | 4 |  4.0
Armour         | 3 |  3.1
Dodging        | |  2.8

Action                   || total
-------------------------++-------
Melee: Mace              ||    72
       Headbutt          ||    14
  Use: Scroll            ||     7
       Potion            ||     1
  Eat: Chunk             ||     1
Armor: Scale mail        ||    24
       Animal skin       ||     2
       Chain mail        ||    29
Dodge: Dodged            ||    53

Table legend:
 A = Non-vault XP
 B = Vault XP
 C = Vault XP percentage of total XP
 D = Non-vault monster count
 E = Vault monster count
 F = Vault count percentage of total count
                 A         B        C        D         E       F
            +---------+---------+-------+---------+---------+-------
      Total |      90 |       0 |   0.0 |      41 |       0 |   0.0
            +---------+---------+-------+---------+---------+-------
        D:1 |      23 |       0 |   0.0 |      14 |       0 |   0.0
        D:2 |      41 |       0 |   0.0 |      16 |       0 |   0.0
        D:3 |      26 |       0 |   0.0 |      11 |       0 |   0.0
            +---------+---------+-------+---------+---------+-------
